AoeStats
← korpogardisto

Four Lakes

503497702Analyzed
3v3 RM · 1mo ago on Aug 31, 2026· 53m 39s· 6 players
Game mode
Random Map
Map size
Normal (6 player)
Population
200
Speed
Normal
Resources
Standard
Victory
Conquest
Starting age
Dark Age
Ending age
Imperial Age
RankedLock teamsTeams togetherTeam positionsShared explorationLock speedFull tech treeHidden civsTurbo modeCheats
Victory
Defeat
🇺🇸 Ethiopians · United States
1056
+15
🇺🇸 Hindustanis · United States
1010
+18
🇦🇷 Malay · Argentina
994
+18
🇨🇦 Magyars · Canada
1094
-19
🇫🇷 Franks · France
1049
-17
🇨🇦 Poles · Canada
986
-14
Mr Ben Wayde
12:10 Feudal Age
15:43 Castle Age
16:32 Loom
16:58 Double-Bit Axe
16:56 Horse Collar
23:40 Wheelbarrow
23:13 Heavy Plow
23:26 Bow Saw
24:11 Light Cavalry
25:07 Bloodlines
24:58 Husbandry
32:17 Fishing Lines
33:47 Scale Barding Armor
39:45 Hand Cart
45:34 Imperial Age
42:57 Gold Mining
49:14 Hussar
49:42 Elite Skirmisher
52:25 Chain Barding Armor
51:55 Fletching
52:16 Forging
52:04 Murder Holes
52:31 Ballistics
53:12 Chemistry
korpogardisto
1:39 Loom
10:03 Feudal Age
9:51 Loom
12:16 Double-Bit Axe
20:59 Castle Age
20:25 Fishing Lines
21:58 Town Watch
21:57 Pikeman
22:38 Squires
24:28 Wheelbarrow
26:33 Forging
28:11 Gold Mining
28:14 Stone Mining
29:21 Town Patrol
30:33 Gillnets
31:49 Treadmill Crane
32:51 Iron Casting
35:03 Bow Saw
34:38 Horse Collar
35:32 Heavy Plow
38:16 Imperial Age
38:11 Conscription
38:07 Forced Levy
41:30 Blast Furnace
40:08 Capped Ram
41:24 Halberdier
42:32 Elite Karambit Warrior
44:16 Crop Rotation
47:34 Man-at-Arms
48:30 Long Swordsman
49:08 Two-Handed Swordsman
Wangdangdoodle
4:25 Loom
7:38 Loom
10:04 Feudal Age
11:05 Gold Mining
12:28 Double-Bit Axe
21:57 Castle Age
21:49 Fletching
22:00 Padded Archer Armor
22:04 Crossbowman
27:59 Bodkin Arrow
29:24 Ballistics
29:49 Thumb Ring
43:34 Imperial Age
43:50 Arbalester
45:34 Onager
47:12 Wheelbarrow
46:05 Elite Skirmisher
48:55 Chemistry
49:51 Bracer
52:27 Siege Engineers
noahdeycoco
0:43 Loom
10:01 Feudal Age
16:27 Castle Age
16:51 Double-Bit Axe
17:57 Husbandry
21:58 Light Cavalry
23:28 Pikeman
24:08 Squires
25:21 Squires
25:15 Crossbowman
28:16 Wheelbarrow
30:09 Elite Skirmisher
31:42 Stone Mining
37:12 Bow Saw
40:42 Imperial Age
40:21 Town Watch
40:48 Cavalier
42:02 Scale Barding Armor
41:50 Fletching
42:20 Forging
42:51 Padded Archer Armor
45:56 Onager
47:46 Bodkin Arrow
mojokette
6:12 Loom
10:38 Feudal Age
12:38 Stone Mining
13:46 Wheelbarrow
13:00 Town Watch
22:55 Horse Collar
vgiraud
3:25 Loom
4:20 Loom
9:59 Feudal Age
10:24 Horse Collar
16:22 Wheelbarrow
20:51 Castle Age
19:12 Gold Mining
20:45 Bloodlines
20:39 Double-Bit Axe
21:49 Husbandry
22:04 Scale Barding Armor
28:11 Heavy Plow
30:01 Hand Cart
33:07 Chain Barding Armor
35:24 Light Cavalry
37:32 Gold Shaft Mining
36:48 Stone Mining
38:40 Scale Mail Armor
38:04 Pikeman
39:07 Corvinian Army
40:37 Chain Mail Armor
44:54 Imperial Age
44:52 Bow Saw
46:52 Man-at-Arms
47:25 Halberdier
49:40 Long Swordsman
50:37 Two-Handed Swordsman
52:00 Fishing Lines
52:21 Champion
Connection lost

Rejoining the realm…

Still unreachable

The connection could not be restored.

Session expired

The server has moved on; the page needs a fresh start.